Workbook

Sheet Corp. Form
A1: GENERAL INSTRUCTIONS
A2: - All Taxpayers MUST complete parts A, B, H and I - Taxpayers who have income from trade or business other than from agriculture & fisheries, investments in life insurance companies and/or residential rent MUST complete parts C & E - Taxpayers who have income from agriculture & fisheries MUST complete parts D & E - Life insurance companies should complete part F - Taxpayers who have income from residential rent MUST complete part G
A3: PART A - TAX INCENTIVES QUESTIONS
B4: Is your firm currently listed on the Junior Stock Market, and has it been listed on that Market for no more than 5 years? | E4: 10 | F4: Yes | H4: Yes
B5: Is your firm currently listed on the Junior Stock Market, and has it been listed on that Market for more than 5 years, but no more than 10 years? | E5: 20 | F5: No | H5: No
A6: PART B - BALANCE SHEET AT END OF YEAR
B7: Assets
B8: Cash & Equivalents (uncashed cheques, chequing accts, savings…) | E8: 30 | F8: 100000
B9: Accounts Receivable | E9: 40 | F9: 100000
B10: Loans to Directors | E10: 50 | F10: 100000
B11: Other Current, Short-term and Long-term Assets | E11: 60 | F11: 100000 | Q11: 11
B12: Total Assets (Sum of L30 to L60) | E12: 70 | F12: =SUM(F8:F11) -> 400000
B13: Liabilities
B14: All Current, Short-term and Long-term Liabilities | E14: 80 | F14: 200000
B15: Net Assets (Sum of L70 - L80) | E15: 90 | F15: =SUM(F12-F14) -> 200000
B16: Shareholder Equity | H16: NET ASSETS MUST BE EQUAL TO SHAREHOLDERS EQIUTY
B17: Shareholder Equity | E17: 100 | F17: 200000 | G17: =IF(F12-(F14+F17)=0,0,H16) -> 0
A18: PART C – INCOME FROM TRADE, BUSINESS, INVESTMENTS AND NON-RESIDENTIAL RENTAL PROPERTY
B19: Income
B20: Trade Sales of Goods and Service - Domestic Income | E20: 170 | F20: 500000
B21: Trade Sales of Goods and Service - Exports | E21: 180 | F21: 500000
B22: Domestic Investment Income | E22: 190 | F22: 500000
B23: Foreign Investment Income | E23: 200 | F23: 500000
B24: Total Rental Income (Excluding Residential Property) | E24: 210 | F24: 500000
B25: Other Income | E25: 220 | F25: 500000
B26: Total Income (Sum of L170 to L220) | E26: 230 | F26: =SUM(F20:F25) -> 3000000
B27: Cost of Sales
B28: Opening Inventory | E28: 235 | F28: 50000
B29: Purchases during year | E29: 240 | F29: 150000
B30: Closing Inventory | E30: 250 | F30: 50000
B31: Cost of Sales (L235 + L240 - L250) | E31: 260 | F31: =SUM(F28+F29-F30) -> 150000
B32: Operating Expenses
B33: Labour Cost | E33: 270 | F33: 50000
B34: Commissions | E34: 280 | F34: 50000
B35: Management Fees | E35: 290 | F35: 50000
B36: Directors’ Fees | E36: 300 | F36: 50000
B37: Depreciation (as per Financial Statements) | E37: 310 | F37: 50000
B38: Bad Debt | E38: 320 | F38: 50000
B39: Other Expenses | E39: 330 | F39: 50000
B40: Total Operating Expenses (Sum of L270 to L330) | E40: 340 | F40: =SUM(F33:F39) -> 350000
B41: Net Trade, Business, Investment and Non-residential Income/Loss (L230 - L260 - L340) | E41: 350 | F41: =SUM(F26-F31-F40) -> 2500000
A42: PART D – INCOME FROM AGRICULTURE AND FISHERIES
B43: Gross Income
B44: Income from sale of Cane | E44: 370 | F44: 5000000
B45: Ground Provision, Vegetables and Fruit | E45: 380
B46: Livestock | E46: 390
B47: Fisheries | E47: 400
B48: Gross Income from Agriculture & Fisheries (Sum of L370 to L400) | E48: 410 | F48: =SUM(F44:F47) -> 5000000
B49: Expenses
B50: Agricultural Labour | E50: 420
B51: Management Fees | E51: 430
B52: Depreciation (as per Financial Statements) | E52: 440
B53: Other Expenses | E53: 450 | F53: 1000000
B54: Total Agricultural Expenses (Sum of L420 to L450) | E54: 460 | F54: =SUM(F50:F53) -> 1000000
B55: Net Agricultural Income/Loss (L410 - L 460) | E55: 470 | F55: =SUM(F48-F54) -> 4000000
A56: PART E – ASSESSABLE INCOME FROM TRADE, BUSINESS, INVESTMENTS, AGRICULTURE & FISHERIES, AND NON-RESIDENTIAL RENT
B57: Net Income/Loss according to financial statements (Add L350 + L470) | E57: 480 | F57: =SUM(F41+F55) -> 6500000
B58: Depreciation according to financial statements (Add L310 + L440) | E58: 490 | F58: =SUM(F37+F52) -> 50000
B59: Pension Expense | E59: 500 | F59: 40000
B60: Renewable Energy and Energy Efficient Retrofits | E60: 510
B61: Other deductions not allowed for tax purposes | E61: 520
B62: Total deductions disallowed for tax purposes (Sum of L490 to L520) | E62: 530 | F62: =SUM(F58:F61) -> 90000
B63: Depreciation according to BRA's depreciation schedule (excluding building allowance) | E63: 540
B64: Commercial Building Allowance | E64: 550
B65: Industrial Building Allowance | E65: 560 | I65: =SUM(F57-F58-F60+F66) -> 6450000
B66: Renewable Energy and Energy Efficient Retrofits (150 % of conversion allowance over five years, L510 X 150% max $25,000) | E66: 570 | F66: =IF(F60*1.5>25000,25000,IF(F60>0,F60*1.5,0)) -> 0
B67: Other deductions allowed for tax purposes | E67: 580
B68: Total deductions allowed for tax purposes (Sum of L540 to L580) | E68: 590 | F68: =SUM(F63:F67) -> 0
B69: Taxable Income/Loss during year (Add L480 and L530 minus L590) | E69: 600 | F69: =SUM(F57+F62-F68) -> 6590000
B70: Losses available from Previous Years for set‐off (excluding losses from Residential Rent) | E70: 610 | F70: 1620603
B71: Losses Available from Previous Years that will expire if not used this year | E71: 620
B72: Assessable Income from sources other than Residential Rent (L600 - L610, enter 0 if negative) | E72: 630 | F72: =IF(F69>=F70,F69-F70,0) -> 4969397
B73: Losses from Sources other than Residental Rent to Carry Forward | E73: 640 | F73: =IF(F69>=F70,0,IF(F70-F69-F71<=0,0,IF(F70>F69,F70-F69-F71))) -> 0
A74: PART F – ASSESSABLE INCOME FROM INVESTMENTS OF LIFE INSURANCE COMPANIES
B75: Gross Investment Income (Resident life Insurance Company) | E75: 650 | F75: 300000
B76: Gross Investment Income plus 7% of short fall in reserves (Non-resident Life Insurance Company) | E76: 660
B77: Assessable Income - Life Insurance Companies (Add L650 and L660) | E77: 670 | F77: =SUM(F75:F76) -> 300000
A78: PART G – ASSESSABLE INCOME FROM RESIDENTIAL RENT
B79: Gross Rental Income
B80: Gross Rental Income | E80: 680
B81: Rental Expenses
B82: Repairs | E82: 690
B83: Mortgage Interest | E83: 700
B84: Depreciation (according to financial statements) | E84: 710
B85: Other Expenses | E85: 720
B86: Total Rental Expenses (Sum of L690 to L720) | E86: 730 | F86: =SUM(F82:F85) -> 0
B87: Net Rental Income/Loss according to Financial Statements (L680 - L730) | E87: 740 | F87: =SUM(F80-F86) -> 0
B88: Depreciation according to financial statements (Copy L710) | E88: 750 | F88: =F84 -> 0
B89: Pension Expense | E89: 760
B90: Renewable Energy and Energy Efficient Retrofits on Residential Rental Units | E90: 770
B91: Other deductions not allowed for tax purposes | E91: 780
B92: Total deductions disallowed for tax purposes (Sum of L750 to L780) | E92: 790 | F92: =SUM(F88:F91) -> 0
B93: Depreciation according to BRA's depreciation schedule | E93: 800
B94: Renewable Energy and Energy Efficient Retrofits (150 % of conversion allowance over five years, L770 X 150%) | E94: 810 | F94: =IF(F90*1.5>25000,25000,IF(F90>0,F90*1.5,0)) -> 0
B95: Other deductions allowed for tax purposes | E95: 820
B96: Total deductions allowed for tax purposes (Sum of L800 to L820) | E96: 830 | F96: =SUM(F93:F95) -> 0
B97: Assessable Residential Income/Loss during year (L740 + L790 - L830) | E97: 840 | F97: =SUM(F87+F92-F96) -> 0
B98: Rental Losses Available from Previous Years for set‐off | E98: 850
B99: Rental Losses Available from Previous Years that will expire if not used this year | E99: 860
B100: Taxable Residential Income (L840 - L850, enter 0 if negative) | E100: 870 | F100: =IF(F97>=F98,F97-F98,0) -> 0
...

Sheet Original
A1: General Instructions: - All Taxpayers should complete parts A, B, H and I - Taxpayers who have income from trade or business other than from agriculture & fisheries, investments (other than life insurance companies) and/or non-residential rent should comp
A2: - All Taxpayers MUST complete parts A, B, H and I - Taxpayers who have income from trade or business other than from agriculture & fisheries, investments (other than life insurance companies) and/or non-residential rent should complete parts C & E - Taxpayers who have income from agriculture & fisheries should complete parts D & E - Life insurance companies should complete part F - Taxpayers who have income from residential rent should complete part G
A3: PART A - TAX INCENTIVES QUESTIONS
B4: Is your firm currently listed on the Junior Stock Market, and has it been listed on that Market for no more than 5 years? | E4: 10 | F4: Yes
B5: Is your firm currently listed on the Junior Stock Market, and has it been listed on that Market for more than 5 years, but no more than 10 years? | E5: 20 | F5: No
A6: PART B - BALANCE SHEET AT END OF YEAR
B7: Assets
B8: Cash & equivalents (uncashed cheques, chequing accts, savings…) | E8: 30
B9: Accounts Receivable | E9: 40
B10: Loans to Directors | E10: 50
B11: Other Current, Short-term and Long-term Assets | E11: 60
B12: Total Assets (Sum of L30 to L60) | E12: 70 | F12: =SUM(F8:F11) -> 0
B13: Liabilities
B14: All Current, Short-term and Long-term Liabilities | E14: 80
B15: Shareholder Equity | H15: NET ASSETS MUST BE EQUAL TO SHAREHOLDERS EQIUTY
B16: Shareholder Equity | E16: 90 | G16: =IF(F12-F14+F16=0,0,H15) -> 0
A17: PART C – INCOME FROM TRADE, BUSINESS, INVESTMENTS AND NON-RESIDENTIAL RENTAL PROPERTY
B18: Income
B19: Trade sales of goods and service - Domestic Income | E19: 170
B20: Trade sales of goods and service - Exports | E20: 180
B21: Domestic Investment Income | E21: 190
B22: Foreign Investment Income | E22: 200
B23: Total Rental Income (Excluding residential property) | E23: 210
B24: Total Income (Sum of L170 to L210) | E24: 220 | F24: =SUM(F19:F23) -> 0
B25: Cost of Sales
B26: Opening Inventory | E26: 230
B27: Purchases during year | E27: 240
B28: Closing Inventory | E28: 250
B29: Cost of Sales (L230 + L240 - L250) | E29: 260 | F29: =SUM(F26+F27-F28) -> 0
B30: Operating Expenses
B31: Labour Cost | E31: 270
B32: Commissions | E32: 280
B33: Management Fees | E33: 290
B34: Directors’ Fees | E34: 300
B35: Depreciation (as per Financial Statements) | E35: 310
B36: Other Expenses | E36: 320
B37: Total Operating Expenses (Sum of L270 to L320) | E37: 330 | F37: =SUM(F31:F36) -> 0
B38: Net Trade, Business, Investment and Non-residential Income/Loss (L220 - L260 - L330) | E38: 340 | F38: =SUM(F24-F29-F37) -> 0
A39: PART D – INCOME FROM AGRICULTURE AND FISHERIES
B40: Gross Income
B41: Income from sale of Cane | E41: 370
B42: Ground Provision, vegetables and fruit | E42: 380
B43: Livestock | E43: 390
B44: Fisheries | E44: 400
B45: Gross Income from Agriculture & Fisheries (Sum of L370 to L400) | E45: 410 | F45: =SUM(F41:F44) -> 0
B46: Expenses
B47: Agricultural Labour | E47: 420
B48: Management Fees | E48: 430
B49: Depreciation (as per Financial Statements) | E49: 440
B50: Other Expenses | E50: 450
B51: Total Agricultural Expenses (Sum of L420 to L450) | E51: 460 | F51: =SUM(F47:F50) -> 0
B52: Net Agricultural Income/Loss (L410 - L 460) | E52: 470 | F52: =SUM(F45-F51) -> 0
A53: PART E – ASSESSABLE INCOME FROM TRADE, BUSINESS, INVESTMENTS, AGRICULTURE & FISHERIES, AND NON-RESIDENTIAL RENT
B54: Net Income/Loss according to financial statements (L340 + L470) | E54: 480 | F54: =SUM(F38+F52) -> 0
B55: Depreciation according to financial statements (L310 + L440) | E55: 490 | F55: =SUM(F35+F49) -> 0
B56: Pension Expense | E56: 500
B57: Renewable Energy and Energy Efficient Retrofits | E57: 510
B58: Other deductions not allowed for tax purposes | E58: 520
B59: Total deductions disallowed for tax purposes (Sum of L490 to L520) | E59: 530 | F59: =SUM(F55:F58) -> 0
B60: Depreciation according to tax depreciation schedule (excl. building allowance) | E60: 540
B61: Commercial Building Allowance | E61: 550
B62: Industrial Building Allowance | E62: 560
B63: Renewable Energy and Energy Efficient Retrofits | E63: 570 | F63: =SUM(F57)*1.5 -> 0
B64: Other deductions allowed for tax purposes | E64: 580
B65: Total deductions allowed for tax purposes (Sum of L540 to L580) | E65: 590 | F65: =SUM(F60:F64) -> 0
B66: Taxable Income/Loss during year (L480 + L530 - L590) | E66: 600 | F66: =SUM(F54+F59-F65) -> 0
B67: Losses available from Previous Years for set‐off (excl. losses from residential rent) | E67: 610
B68: Losses Available from Previous Years that will expire if not used this year | E68: 620
B69: ASSESSABLE INCOME FROM SOURCES OTHER THAN RESIDENTIAL RENT (L600 - L610, enter 0 if negative) | E69: 630 | F69: =IF(F66>=F67,F66-F67,0) -> 0
B70: LOSSES FROM SOURCES OTHER THAN RESIDENTIAL RENT TO CARRY FORWARD | E70: 640 | F70: =IF(F66>=F67,0,IF(F67>F66,F67-F66-F68)) -> 0
A71: PART F – ASSESSABLE INCOME FROM INVESTMENTS OF LIFE INSURANCE COMPANIES
B72: Gross Investment Income (resident and non-resident life insurance company) | E72: 650
B73: Gross Investment Income plus 7% of short fall in reserves (non-resident life insurance company) | E73: 660
B74: ASSESSABLE INCOME - LIFE INSURANCE COMPANIES (L650 + L660) | E74: 670 | F74: =SUM(F72:F73) -> 0
A75: PART G – ASSESSABLE INCOME FROM RESIDENTIAL RENT
B76: Gross Rental Income
B77: Gross Rental Income | E77: 680
B78: Rental Expenses
B79: Repairs | E79: 690
B80: Mortgage Interest | E80: 700
B81: Depreciation (according to financial statements) | E81: 710
B82: Other Expenses | E82: 720
B83: Total Rental Expenses (Sum of L690 to L720) | E83: 730 | F83: =SUM(F79:F82) -> 0
B84: Net Rental Income/Loss according to financial statements (L680 - L730) | E84: 740 | F84: =SUM(F77-F83) -> 0
B85: Depreciation according to financial statements (Copy L710) | E85: 750 | F85: =F81 -> 0
B86: Pension Expense | E86: 760
B87: Renewable Energy and Energy Efficient Retrofits on Residential Rental Units | E87: 770
B88: Other deductions not allowed for tax purposes | E88: 780
B89: Total deductions disallowed for tax purposes (Sum of L750 to L780) | E89: 790 | F89: =SUM(F85:F88) -> 0
B90: Depreciation according to tax depreciation schedule | E90: 800
B91: Renewable Energy and Energy Efficient Retrofits (150 % of conversion allowance over five years, L770 X 150%) | E91: 810 | F91: =SUM(F87)*1.5 -> 0
B92: Other deductions allowed for tax purposes | E92: 820
B93: Total deductions allowed for tax purposes (Sum of L800 to L820) | E93: 830 | F93: =SUM(F90:F92) -> 0
B94: Assessable Residential Income/Loss during year (L740 + L790 - L830) | E94: 840 | F94: =SUM(F84+F89-F93) -> 0
B95: Rental Losses Available from Previous Years for set‐off | E95: 850
B96: Rental Losses Available from Previous Years that will expire if not used this year | E96: 860
B97: Taxable Residential Income (L840 - L850, enter 0 if negative) | E97: 870 | F97: =IF(F94>=F95,F94-F95,0) -> 0
B98: Residential Losses Available to Carry Forward (Subtract the higher of L840 & L860 from L850, enter 0 if negative) | E98: 880 | F98: =IF(F94>=F95,0,IF(F95>F94,F95-F94-F96)) -> 0
A99: PART H – ASSESSED TAX BEFORE CREDITS
B100: TAXABLE INCOME FROM ALL SOURCES (L630, 670 7 870 ) | E100: 890 | F100: =SUM(F69+F74+F97) -> 0
...

Sheet Sheet2
A1: General Instructions: - All Taxpayers should complete parts A, B, H and I - Taxpayers who have income from trade or business other than from agriculture & fisheries, investments (other than life insurance companies) and/or non-residential rent should comp
A2: - All Taxpayers MUST complete parts A, B, H and I - Taxpayers who have income from trade or business other than from agriculture & fisheries, investments (other than life insurance companies) and/or non-residential rent should complete parts C & E - Taxpayers who have income from agriculture & fisheries should complete parts D & E - Life insurance companies should complete part F - Taxpayers who have income from residential rent should complete part G
A3: PART A - TAX INCENTIVES QUESTIONS
B4: Is your firm currently listed on the Junior Stock Market, and has it been listed on that Market for no more than 5 years? | E4: 10 | F4: =Original!F4 -> Yes
B5: Is your firm currently listed on the Junior Stock Market, and has it been listed on that Market for more than 5 years, but no more than 10 years? | E5: 20 | F5: =Original!F5 -> No
A6: PART B - BALANCE SHEET AT END OF YEAR
B7: Assets
B8: Cash & equivalents (uncashed cheques, chequing accts, savings…) | E8: 30 | F8: =Original!F8 -> 0
B9: Accounts Receivable | E9: 40 | F9: =Original!F9 -> 0
B10: Loans to Directors | E10: 50 | F10: =Original!F10 -> 0
B11: Other Current, Short-term and Long-term Assets | E11: 60 | F11: =Original!F11 -> 0
B12: Total Assets (Sum of L30 to L60) | E12: 70 | F12: =SUM(F8:F11) -> 0
B13: Liabilities
B14: All Current, Short-term and Long-term Liabilities | E14: 80 | F14: =Original!F14 -> 0
B15: Shareholder Equity | H15: NET ASSETS MUST BE EQUAL TO SHAREHOLDERS EQIUTY
B16: Shareholder Equity | E16: 90 | F16: =Original!F16 -> 0 | G16: =IF(F12-F14+F16=0,0,H15) -> 0
A17: PART C – INCOME FROM TRADE, BUSINESS, INVESTMENTS AND NON-RESIDENTIAL RENTAL PROPERTY
B18: Income
B19: Trade sales of goods and service - Domestic Income | E19: 170 | F19: =Original!F19 -> 0
B20: Trade sales of goods and service - Exports | E20: 180 | F20: =Original!F20 -> 0
B21: Domestic Investment Income | E21: 190 | F21: =Original!F21 -> 0
B22: Foreign Investment Income | E22: 200 | F22: =Original!F22 -> 0
B23: Total Rental Income (Excluding residential property) | E23: 210 | F23: =Original!F23 -> 0
B24: Total Income (Sum of L170 to L210) | E24: 220 | F24: =SUM(F19:F23) -> 0
B25: Cost of Sales
B26: Opening Inventory | E26: 230 | F26: =Original!F26 -> 0
B27: Purchases during year | E27: 240 | F27: =Original!F27 -> 0
B28: Closing Inventory | E28: 250 | F28: =Original!F28 -> 0
B29: Cost of Sales (L230 + L240 - L250) | E29: 260 | F29: =SUM(F26+F27-F28) -> 0
B30: Operating Expenses
B31: Labour Cost | E31: 270 | F31: =Original!F31 -> 0
B32: Commissions | E32: 280 | F32: =Original!F32 -> 0
B33: Management Fees | E33: 290 | F33: =Original!F33 -> 0
B34: Directors’ Fees | E34: 300 | F34: =Original!F34 -> 0
B35: Depreciation (as per Financial Statements) | E35: 310 | F35: =Original!F35 -> 0
B36: Other Expenses | E36: 320 | F36: =Original!F36 -> 0
B37: Total Operating Expenses (Sum of L270 to L320) | E37: 330 | F37: =SUM(F31:F36) -> 0
B38: Net Trade, Business, Investment and Non-residential Income/Loss (L220 - L260 - L330) | E38: 340 | F38: =SUM(F24-F29-F37) -> 0
A39: PART D – INCOME FROM AGRICULTURE AND FISHERIES
B40: Gross Income
B41: Income from sale of Cane | E41: 370 | F41: =Original!F41 -> 0
B42: Ground Provision, vegetables and fruit | E42: 380 | F42: =Original!F42 -> 0
B43: Livestock | E43: 390 | F43: =Original!F43 -> 0
B44: Fisheries | E44: 400 | F44: =Original!F44 -> 0
B45: Gross Income from Agriculture & Fisheries (Sum of L370 to L400) | E45: 410 | F45: =SUM(F41:F44) -> 0
B46: Expenses
B47: Agricultural Labour | E47: 420 | F47: =Original!F47 -> 0
B48: Management Fees | E48: 430 | F48: =Original!F48 -> 0
B49: Depreciation (as per Financial Statements) | E49: 440 | F49: =Original!F49 -> 0
B50: Other Expenses | E50: 450 | F50: =Original!F50 -> 0
B51: Total Agricultural Expenses (Sum of L420 to L450) | E51: 460 | F51: =SUM(F47:F50) -> 0
B52: Net Agricultural Income/Loss (L410 - L 460) | E52: 470 | F52: =SUM(F45-F51) -> 0
A53: PART E – ASSESSABLE INCOME FROM TRADE, BUSINESS, INVESTMENTS, AGRICULTURE & FISHERIES, AND NON-RESIDENTIAL RENT
B54: Net Income/Loss according to financial statements (L340 + L470) | E54: 480 | F54: =SUM(F38+F52) -> 0
B55: Depreciation according to financial statements (L310 + L440) | E55: 490 | F55: =SUM(F35+F49) -> 0
B56: Pension Expense | E56: 500 | F56: =Original!F56 -> 0
B57: Renewable Energy and Energy Efficient Retrofits | E57: 510 | F57: =Original!F57 -> 0
B58: Other deductions not allowed for tax purposes | E58: 520 | F58: =Original!F58 -> 0
B59: Total deductions disallowed for tax purposes (Sum of L490 to L520) | E59: 530 | F59: =SUM(F55:F58) -> 0
B60: Depreciation according to tax depreciation schedule (excl. building allowance) | E60: 540 | F60: =Original!F60 -> 0
B61: Commercial Building Allowance | E61: 550 | F61: =Original!F61 -> 0
B62: Industrial Building Allowance | E62: 560 | F62: =Original!F62 -> 0
B63: Renewable Energy and Energy Efficient Retrofits | E63: 570 | F63: =SUM(F57)*1.5 -> 0
B64: Other deductions allowed for tax purposes | E64: 580 | F64: =Original!F64 -> 0
B65: Total deductions allowed for tax purposes (Sum of L540 to L580) | E65: 590 | F65: =SUM(F60:F64) -> 0
B66: Taxable Income/Loss during year (L480 + L530 - L590) | E66: 600 | F66: =SUM(F54+F59-F65) -> 0
B67: Losses available from Previous Years for set‐off (excl. losses from residential rent) | E67: 610 | F67: =Original!F67 -> 0
B68: Losses Available from Previous Years that will expire if not used this year | E68: 620 | F68: =Original!F68 -> 0
B69: ASSESSABLE INCOME FROM SOURCES OTHER THAN RESIDENTIAL RENT (L600 - L610, enter 0 if negative) | E69: 630 | F69: =IF(F66>=F67,F66-F67,0) -> 0
B70: LOSSES FROM SOURCES OTHER THAN RESIDENTIAL RENT TO CARRY FORWARD | E70: 640 | F70: =IF(F66>=F67,0,IF(F67>F66,F67-F66-F68)) -> 0
A71: PART F – ASSESSABLE INCOME FROM INVESTMENTS OF LIFE INSURANCE COMPANIES
B72: Gross Investment Income (resident and non-resident life insurance company) | E72: 650 | F72: =Original!F72 -> 0
B73: Gross Investment Income plus 7% of short fall in reserves (non-resident life insurance company) | E73: 660 | F73: =Original!F73 -> 0
B74: ASSESSABLE INCOME - LIFE INSURANCE COMPANIES (L650 + L660) | E74: 670 | F74: =SUM(F72:F73) -> 0
A75: PART G – ASSESSABLE INCOME FROM RESIDENTIAL RENT
B76: Gross Rental Income
B77: Gross Rental Income | E77: 680 | F77: =Original!F77 -> 0
B78: Rental Expenses
B79: Repairs | E79: 690 | F79: =Original!F79 -> 0
B80: Mortgage Interest | E80: 700 | F80: =Original!F80 -> 0
B81: Depreciation (according to financial statements) | E81: 710 | F81: =Original!F81 -> 0
B82: Other Expenses | E82: 720 | F82: =Original!F82 -> 0
B83: Total Rental Expenses (Sum of L690 to L720) | E83: 730 | F83: =SUM(F79:F82) -> 0
B84: Net Rental Income/Loss according to financial statements (L680 - L730) | E84: 740 | F84: =SUM(F77-F83) -> 0
B85: Depreciation according to financial statements (Copy L710) | E85: 750 | F85: =F81 -> 0
B86: Pension Expense | E86: 760 | F86: =Original!F86 -> 0
B87: Renewable Energy and Energy Efficient Retrofits on Residential Rental Units | E87: 770 | F87: =Original!F87 -> 0
B88: Other deductions not allowed for tax purposes | E88: 780 | F88: =Original!F88 -> 0
B89: Total deductions disallowed for tax purposes (Sum of L750 to L780) | E89: 790 | F89: =SUM(F85:F88) -> 0
B90: Depreciation according to tax depreciation schedule | E90: 800 | F90: =Original!F90 -> 0
B91: Renewable Energy and Energy Efficient Retrofits (150 % of conversion allowance over five years, L770 X 150%) | E91: 810 | F91: =SUM(F87)*1.5 -> 0
B92: Other deductions allowed for tax purposes | E92: 820 | F92: =Original!F92 -> 0
B93: Total deductions allowed for tax purposes (Sum of L800 to L820) | E93: 830 | F93: =SUM(F90:F92) -> 0
B94: Assessable Residential Income/Loss during year (L740 + L790 - L830) | E94: 840 | F94: =SUM(F84+F89-F93) -> 0
B95: Rental Losses Available from Previous Years for set‐off | E95: 850 | F95: =Original!F95 -> 0
B96: Rental Losses Available from Previous Years that will expire if not used this year | E96: 860 | F96: =Original!F96 -> 0
B97: Taxable Residential Income (L840 - L850, enter 0 if negative) | E97: 870 | F97: =IF(F94>=F95,F94-F95,0) -> 0
B98: Residential Losses Available to Carry Forward (Subtract the higher of L840 & L860 from L850, enter 0 if negative) | E98: 880 | F98: =IF(F94>=F95,0,IF(F95>F94,F95-F94-F96)) -> 0
A99: PART H – ASSESSED TAX BEFORE CREDITS
B100: TAXABLE INCOME FROM ALL SOURCES (L630, 670 7 870 ) | E100: 890 | F100: =SUM(F69+F74+F97) -> 0
...
